Map: Jagannatha LE

Players

ShaDoWn - Winner!

  • Race: Protoss Protoss

DnS

  • Race: Protoss Protoss

Event: DreamHack SC2 Masters 2021 Fall

VOD

Have the link to the VOD?

Description

Time

  • Played on: Aug. 6, 2021, 11:02 a.m.
  • Length: 15:43

All games in this series

Show
View Real Time Build Order
Export as new Build Order

ShaDoWn Protoss - Winner!

Build Orders:  

Get SALT Encoding   

  12  0:00  Probe  
  13  0:12  Probe  
  14  0:17  Pylon  
  14  0:24  Probe (Chrono Boost)  
  15  0:36  Probe (Chrono Boost)  
  15  0:37  Gateway  
  16  0:45  Probe (Chrono Boost)  
  16  0:46  Assimilator  
  17  0:51  Probe  
  17  0:55  Assimilator  
  18  1:03  Probe (Chrono Boost)  
  19  1:09  Gateway  
  19  1:14  Probe (Chrono Boost)  
  20  1:18  Probe (Chrono Boost)  
  20  1:25  Cybernetics Core  
  21  1:29  Probe  
  22  1:35  Pylon  
  22  1:41  Probe  
  23  1:53  Probe  
  24  2:01  Warp Gate, Stalker  
  26  2:09  Sentry  
  26  2:13  Pylon  
  28  2:26  Probe  
  29  2:35  Sentry  
  33  2:38  Probe  
  33  2:42  Nexus  
  32  2:47  Shield Battery  
  32  2:52  Sentry  
  32  2:54  Probe  
  35  3:04  Pylon  
  35  3:06  Probe  
  36  3:18  Probe (Chrono Boost)  
  37  3:28  Twilight Council  
  37  3:30  Probe (Chrono Boost)  
  38  3:36  Forge  
  38  3:38  Probe (Chrono Boost)  
  39  3:45  Probe (Chrono Boost)  
  40  3:50  Adept x2  
  40  3:54  Probe (Chrono Boost)  
  45  3:57  Probe (Chrono Boost)  
  47  4:03  Probe (Chrono Boost)  
  47  4:04  Probe (Chrono Boost)  
  47  4:06  Blink  
  47  4:08  Probe (Chrono Boost)  
  48  4:11  Protoss Ground Weapons Level 1  
  48  4:15  Probe  
  50  4:26  Probe  
  50  4:28  Nexus  
  51  4:37  Probe  
  53  4:38  Probe  
  53  4:40  Robotics Facility  
  53  4:45  Stalker  
  55  4:46  Stalker  
  55  4:49  Probe  
  55  4:50  Probe  
  59  4:54  Pylon  
  59  5:02  Gateway, Probe  
  60  5:09  Pylon, Probe  
  60  5:10  Gateway  
  61  5:17  Probe  
  61  5:20  Stalker x2  
  61  5:21  Probe  
  67  5:24  Assimilator  
  67  5:27  Observer (Chrono Boost)  
  68  5:30  Probe  
  68  5:33  Probe  
  70  5:39  Shield Battery  
  70  5:42  Probe  
  71  5:44  Probe  
  71  5:45  Immortal (Chrono Boost)  
  71  5:48  Probe  
  77  5:55  Stalker x2  
  77  5:56  Probe x2 (Chrono Boost)  
  80  6:05  Probe (Chrono Boost)  
  80  6:08  Probe (Chrono Boost)  
  80  6:09  Pylon, Charge (Chrono Boost)  
  80  6:10  Probe (Chrono Boost)  
  82  6:14  Probe (Chrono Boost)  
  82  6:16  Stalker x2, Probe (Chrono Boost)  
  89  6:18  Probe (Chrono Boost)  
  89  6:19  Protoss Ground Weapons Level 2 (Chrono Boost)  
  89  6:21  Stalker, Probe (Chrono Boost)  
  89  6:23  Probe (Chrono Boost)  
  89  6:24  Probe (Chrono Boost)  
  92  6:32  Gateway  
  92  6:33  Gateway  
  92  6:35  Gateway  
  91  6:47  Nexus  
  91  6:50  Pylon  
  91  6:59  Gateway  
  91  7:01  Gateway  
  91  7:02  Dark Shrine, Zealot  
  91  7:03  Zealot x2  
  97  7:10  Probe  
  97  7:11  Probe x2  
  100  7:16  Zealot  
  100  7:21  Pylon  
  102  7:23  Probe  
  103  7:33  Zealot x3  
  103  7:36  Pylon  
  109  7:38  Pylon  
  109  7:44  Shield Battery, Probe  
  109  7:50  Zealot x3  
  116  7:52  Pylon  
  116  7:55  Photon Cannon  
  116  7:56  Pylon  
  116  7:57  Photon Cannon  
  116  7:58  Photon Cannon, Zealot x4  
  118  8:06  Probe  
  118  8:07  Probe x2  
  118  8:08  Probe  
  119  8:13  Zealot x5  
  119  8:18  Probe  
  119  8:19  Probe x2  
  130  8:22  Probe  
  129  8:28  Robotics Facility  
  129  8:30  Robotics Bay, Probe  
  129  8:31  Probe x2  
  132  8:37  Assimilator  
  132  8:38  Assimilator  
  132  8:44  Dark Templar x5  
  142  8:50  Pylon, Archon x2  
  142  8:57  Dark Templar  
  142  8:58  Zealot x3  
  150  9:02  Archon  
  149  9:16  Disruptor (Chrono Boost)  
  152  9:20  Pylon  
  152  9:21  Pylon  
  152  9:26  Pylon  
  155  9:32  Disruptor (Chrono Boost)  
  154  9:38  Zealot  
  154  9:39  Zealot x8  
  172  9:51  Disruptor  
  171  9:55  Disruptor  
  173  10:00  Zealot  
  173  10:01  Dark Templar, Zealot  
  173  10:07  Zealot x4  
  177  10:13  Probe  
  166  10:15  Dark Templar  
  160  10:22  Zealot  
  160  10:24  Probe x2  
  160  10:27  Photon Cannon, Probe  
  159  10:30  Stalker x4  
  159  10:32  Probe  
  161  10:37  Probe  
  161  10:39  Photon Cannon  
  161  10:40  Photon Cannon, Warp Prism (Chrono Boost)  
  161  10:41  Photon Cannon  
  162  10:45  Pylon, Photon Cannon  
  162  10:46  Pylon  
  164  10:55  Stalker x7  
  178  10:57  Observer (Chrono Boost)  
  178  11:03  Archon  
  179  11:12  Observer (Chrono Boost)  
  179  11:14  Zealot  
  182  11:23  Probe x2  
  182  11:24  Assimilator  
  184  11:26  Assimilator, Probe  
  184  11:30  Probe  
  184  11:31  Zealot x2  
  190  11:36  Stalker x3  
  196  12:06  Observer  
  185  12:09  Dark Templar x3, Zealot x3  
  193  12:16  Pylon  
  193  12:18  Pylon  
  193  12:19  Nexus  
  193  12:20  Pylon  
  193  12:22  Pylon  
  183  12:30  Probe  
  183  12:34  Disruptor (Chrono Boost)  
  161  12:38  Disruptor (Chrono Boost)  
  152  12:45  Zealot x8  
  152  12:47  Probe  
  145  13:01  Disruptor (Chrono Boost)  
  145  13:02  Shield Battery  
  145  13:03  Probe x2  
  145  13:04  Photon Cannon, Disruptor (Chrono Boost)  
  144  13:05  Photon Cannon  
  144  13:07  Photon Cannon  
  144  13:12  Dark Templar x4, Zealot x4  
  163  13:27  Gateway x2, Disruptor  
  163  13:32  Dark Templar x2  
  163  13:33  Zealot  
  167  13:34  Stalker  
  167  13:38  Zealot  
  167  13:39  Zealot  
  171  13:45  Shield Battery, Forge, Probe x3  
  168  13:56  Stalker x2  
  168  13:58  Stalker x3  
  168  13:59  Stalker x3  
  173  14:20  Zealot  
  173  14:23  Zealot x7  
  173  14:24  Zealot x2  
  155  14:25  Probe  
  142  14:36  Probe  
  127  14:41  Stalker, Probe  
  127  14:42  Probe  
  127  14:44  Probe x2  
  127  14:45  Stalker x4  
  133  14:48  Probe  
  134  14:53  Stalker x2  
  134  14:54  Probe  
  139  15:00  Photon Cannon  
  139  15:05  Stalker x2  
  139  15:06  Probe  
  140  15:22  Stalker x5  
  135  15:39  Stalker x5  
Show
View Real Time Build Order
Export as new Build Order

DnS Protoss 

Build Orders: Zealot Archon 

Get SALT Encoding   

  12  0:00  Probe  
  13  0:12  Probe  
  14  0:17  Pylon  
  14  0:24  Probe (Chrono Boost)  
  15  0:36  Gateway, Probe (Chrono Boost)  
  16  0:43  Probe (Chrono Boost)  
  16  0:46  Assimilator  
  17  0:51  Probe  
  17  0:55  Assimilator  
  18  1:03  Probe (Chrono Boost)  
  19  1:09  Gateway  
  19  1:13  Probe (Chrono Boost)  
  19  1:18  Probe (Chrono Boost)  
  20  1:25  Cybernetics Core  
  21  1:33  Probe  
  21  1:36  Pylon  
  22  1:45  Probe  
  23  1:58  Probe  
  24  2:01  Sentry, Stalker  
  24  2:03  Warp Gate  
  28  2:11  Probe  
  29  2:17  Pylon  
  29  2:20  Pylon  
  29  2:23  Shield Battery  
  29  2:28  Sentry  
  31  2:35  Stalker  
  33  2:50  Nexus  
  33  2:57  Sentry  
  35  3:02  Shield Battery, Probe  
  36  3:14  Probe  
  36  3:15  Pylon  
  37  3:26  Probe (Chrono Boost)  
  38  3:34  Twilight Council  
  38  3:37  Probe (Chrono Boost)  
  38  3:41  Forge  
  39  3:42  Probe (Chrono Boost)  
  40  3:53  Probe (Chrono Boost)  
  41  4:02  Probe (Chrono Boost)  
  42  4:06  Probe (Chrono Boost)  
  44  4:10  Blink  
  44  4:12  Probe (Chrono Boost)  
  44  4:13  Probe (Chrono Boost)  
  44  4:16  Adept x2  
  49  4:18  Probe (Chrono Boost)  
  49  4:19  Probe  
  51  4:24  Shield Battery  
  51  4:30  Probe  
  52  4:31  Probe  
  53  4:42  Probe  
  53  4:43  Probe  
  55  4:48  Robotics Facility  
  55  4:49  Nexus  
  55  4:52  Pylon  
  55  4:54  Probe  
  55  4:55  Protoss Ground Weapons Level 1 (Chrono Boost), Probe  
  55  4:57  Assimilator  
  57  5:06  Probe  
  58  5:08  Probe  
  59  5:17  Stalker x2  
  59  5:18  Probe  
  59  5:20  Phoenix, Probe  
  65  5:27  Shield Battery  
  65  5:30  Probe  
  65  5:35  Observer  
  67  5:38  Probe  
  69  5:42  Probe  
  69  5:43  Pylon, Gateway  
  69  5:45  Gateway  
  70  5:57  Shield Battery  
  70  6:00  Probe (Chrono Boost)  
  70  6:03  Probe (Chrono Boost)  
  71  6:06  Immortal  
  71  6:08  Probe (Chrono Boost)  
  78  6:11  Probe (Chrono Boost)  
  78  6:13  Probe (Chrono Boost)  
  78  6:16  Probe (Chrono Boost)  
  80  6:18  Stalker x2  
  80  6:20  Charge, Probe x3 (Chrono Boost)  
  80  6:21  Pylon  
  86  6:29  Assimilator  
  86  6:30  Probe  
  86  6:31  Probe x2  
  89  6:33  Gateway  
  89  6:34  Gateway  
  89  6:36  Templar Archives  
  89  6:40  Gateway  
  89  6:42  Probe  
  89  6:43  Protoss Ground Weapons Level 2 (Chrono Boost), Gateway  
  90  6:56  Pylon  
  90  7:03  Zealot x3  
  90  7:05  Nexus, Zealot  
  90  7:07  Pylon  
  98  7:11  Pylon  
  98  7:15  Gateway x2  
  98  7:25  High Templar x2  
  98  7:28  Probe x2  
  98  7:29  Archon, Probe  
  105  7:30  Zealot x2  
  105  7:32  High Templar x2  
  105  7:33  Photon Cannon  
  105  7:34  Pylon  
  113  7:38  Archon, Zealot  
  113  7:40  Shield Battery  
  113  7:43  Zealot  
  117  7:50  Shield Battery  
  117  7:56  Zealot x2  
  121  8:03  Zealot  
  121  8:04  Zealot x3  
  124  8:09  Warp Prism (Chrono Boost)  
  125  8:15  Observer  
  125  8:22  High Templar x2  
  125  8:23  Zealot x4  
  133  8:27  Archon  
  133  8:29  High Templar x2, Zealot x2  
  133  8:30  Probe x2  
  133  8:31  Photon Cannon, Probe  
  133  8:33  Archon  
  144  8:42  Pylon  
  144  8:43  Pylon x3  
  144  8:49  Warp Prism  
  144  8:53  Pylon, Protoss Ground Weapons Level 3 (Chrono Boost)  
  144  8:54  Zealot  
  144  8:55  Zealot  
  148  9:08  Zealot x7  
  162  9:11  Pylon  
  162  9:50  Zealot x3  
  162  9:51  Zealot x7  
  178  9:53  Immortal  
  178  9:55  Probe x2  
  178  9:56  Robotics Bay  
  182  10:00  Assimilator x2  
  180  10:11  Zealot x2  
  180  10:12  Zealot x7  
  180  10:27  Probe  
  169  10:31  Photon Cannon x2  
  169  10:32  Probe  
  169  10:33  Robotics Facility  
  169  10:35  Probe x2  
  164  10:39  Probe  
  164  10:42  Disruptor (Chrono Boost)  
  163  10:44  Probe  
  163  10:47  Probe x2  
  163  10:48  Assimilator  
  169  10:52  Photon Cannon, Probe  
  169  10:53  Photon Cannon  
  169  10:56  Photon Cannon, Probe  
  171  11:00  Dark Shrine  
  171  11:05  Assimilator  
  171  11:10  Disruptor (Chrono Boost)  
  174  11:23  Disruptor (Chrono Boost)  
  174  11:25  Nexus  
  172  11:26  Pylon  
  172  11:32  Stalker x2  
  177  11:33  Stalker  
  177  11:38  Disruptor (Chrono Boost)  
  180  11:51  Disruptor  
  181  11:58  Stalker x6  
  181  12:00  Pylon  
  193  12:02  Photon Cannon  
  190  12:12  Disruptor  
  185  12:23  Stalker x4  
  185  12:24  Zealot  
  185  12:25  Zealot x2  
  185  12:27  Disruptor  
  194  12:43  Dark Templar x2  
  184  12:45  Dark Templar x2  
  184  12:46  Zealot x2  
  184  12:47  Disruptor  
  167  12:54  Dark Templar x2  
  167  12:55  Dark Templar x2  
  147  13:00  Shadow Stride, Protoss Shields Level 1, Probe x2  
  147  13:03  Disruptor  
  152  13:10  Photon Cannon  
  152  13:11  Photon Cannon  
  150  13:18  Zealot x5  
  160  13:22  Stalker  
  162  13:32  Probe x3 (Chrono Boost)  
  166  13:35  Nexus  
  166  13:37  Probe (Chrono Boost)  
  165  13:43  Probe x3 (Chrono Boost)  
  165  13:45  Photon Cannon  
  165  13:48  Probe (Chrono Boost)  
  140  14:01  Dark Templar  
  140  14:02  Dark Templar x6  
  155  14:03  Observer  
  155  14:07  Stalker  
  155  14:08  Stalker x2  
  127  14:35  Disruptor  
  96  14:50  Probe x3  
  96  14:51  Probe  
  96  14:54  Stalker x8  
  112  15:02  Pylon, Stalker, Probe  
  115  15:12  Stalker  
  114  15:22  Dark Templar x2, Zealot x3  

Tags
 
Add a new tag
Caveats
  • Supply blocks, unpowered buildings, or Contaminate may cause inaccurate times.
  • Supply counts are checked every 10 seconds.